 Dungeon Crawl Stone Soup version 0.31-a0-986-g5e6e4ef867 (webtiles) character file.

Game seed: 13530760330406462930

282 2FriedEggs the Changeling (level 6, 25/25 HPs)
             Began as a Felid Shapeshifter on Nov 15, 2023.
             Quit the game on level 4 of the Dungeon.
             The game lasted 00:05:27 (3028 turns).

2FriedEggs the Changeling (Felid Shapeshifter)      Turns: 3028, Time: 00:05:28

Health: 25/25      AC:  2    Str: 18    XL:     6   Next: 6%
Magic:  7/7        EV: 19    Int: 11    God:
Gold:   69         SH:  0    Dex: 16    Spells: 5/5 levels left
                                        Lives:  1   Deaths: 1

rFire   . .          .
                       - Unarmed
rCold   . . .        (shield unavailable)
rNeg    . . .        (body armour unavailable)
rPois   .            (helmet unavailable)
rElec   .            (cloak unavailable)
rCorr   .            (gloves unavailable)
SInv    +            (boots unavailable)
Will    .....        (no amulet)
Stlth   +            n - +6 ring of strength
HPRegen 0.24/turn    (no ring)
MPRegen 0.10/turn

%: no passive effects
@: beast-form, quick
A: beast (slay +3), very small, claws 1, fangs 3, see invisible, speed 1, shaggy
fur 2, stealthy paws, no weapons or thrown items, no armour, multi-lived
a: Begin Untransformation


You were on level 4 of the Dungeon.
You were a hulking beast.
You visited 1 branch of the dungeon, and saw 4 of its levels.

You collected 69 gold pieces.

Inventory:

Jewellery
 n - a +6 ring of strength (left paw)
Talismans
 b - a beast talisman
 c - a flux talisman
Wands
 o - a wand of flame (13)
Scrolls
 d - a scroll of noise {unknown}
 g - 2 scrolls of fog
 k - 2 scrolls of immolation
 l - 2 scrolls of teleportation
 p - a scroll of enchant weapon
Potions
 a - a potion of lignification
 e - a potion of invisibility {unknown}
 h - a potion of attraction {unknown}
 i - 3 potions of degeneration {unknown}
 j - 2 potions of might {unknown}
 m - a potion of haste {unknown}


   Skills:
 - Level 1.1 Fighting
 + Level 5.3 Dodging
 - Level 3.0 Unarmed Combat
 * Level 6.0 Shapeshifting


You had 5 spell levels left.
You didn't know any spells.
Your spell library contained the following spells:

 Spells                   Type           Power      Damage    Failure   Level
 Ensorcelled Hibernation  Hex/Ice        0%         N/A       47%         2
 Passwall                 Tmut/Erth      0%         N/A       47%         2
 Swiftness                Air            0%         N/A       71%         3


Dungeon Overview and Level Annotations

Branches:
Dungeon (4/15)
 Temple: D:4-7

Altars:

Annotations:
D:4 Duvessa


Innate Abilities, Weirdness & Mutations

You are a hulking beast.
Your limbs bulge with bestial killing power. (Slay +3)
You have sharp claws.
You have razor-sharp teeth.
You have supernaturally acute eyesight. (SInv)
You cover ground quickly. (Speed+)
You are covered in thick fur. (AC +2)
Your paws help you pounce on unaware monsters.
You are incapable of wielding weapons or throwing items.
You cannot wear armour.
You gain extra lives every three experience levels.


Message History

Things that are here:
a +0 whip; a +0 ring mail You start resting.
HP restored.
There is a stone staircase leading down here.
You climb downwards.
You hear the sound of rushing water.
There is an entrance to a sewer on this level.
Hurry and find it before the portal rusts away!
Level annotation: Duvessa The orc completely misses you.
The orc hits you with a +0 club.
There is a stone staircase leading up here.
Unknown command.
Unknown command.
You claw the orc!
You kill the orc!
The orc closely misses you. The orc hits you with a +0 trident!
You closely miss the orc. The orc hits you with a +0 trident!
* * * LOW HITPOINT WARNING * * *
You are too injured to fight recklessly!
You are too injured to fight recklessly!
You are too injured to fight recklessly!
You claw the orc!
You kill the orc!
The orc completely misses you.
Your Shapeshifting skill increases to level 6!
There is a stone staircase leading up here.
Things that are here:
a +0 club; an orc corpse You closely miss the orc.
The orc misses you.
You barely miss the orc.
You hear the rusting of a very distant drain.
The orc hits you with a +2 hand axe of flaming.
* * * LOW HITPOINT WARNING * * *
The orc burns you.
You die...
Your shape twists and changes as you die.
The orc barely misses you.
You rejoin the land of the living...
Are you sure you want to abandon this character and quit the game? (Confirm with "yes".)

....#.....###....)## ##
#########.#
#.#....###..
....#.....#
#.###.......
###.#.###.#
#.##........ # #.#.#
#$....##......##
###.#.###.#####.......#
..........# #......<##
#####.##### #........#
#.e..# #.h......#
####..e.##.........#
##.#..........#
#..........#
....###.....# #..##
#...... #..# ...... ..#
......


There were no monsters in sight!

Vanquished Creatures
  Dowan (D:4)
  A jelly (D:4)
  An iguana (D:3)
  An orc wizard (D:4)
  7 adders
  2 worms
  2 dart slugs (D:2)
  5 orcs
  6 endoplasms
  2 giant cockroaches
  9 goblins
  9 hobgoblins
  6 jackals (D:1)
  5 kobolds
  5 ball pythons
  4 bats
  2 frilled lizards
  5 rats
73 creatures vanquished.

Notes
Turn   | Place    | Note
-------+----------+-------------------------------------------
     0 | D:1      | 2FriedEggs the Felid Shapeshifter began the quest for the
                  | Orb.
     0 | D:1      | Reached XP level 1. HP: 9/9 MP: 2/2
   140 | D:1      | Reached XP level 2. HP: 12/12 MP: 3/3
   449 | D:1      | Reached skill level 4 in Shapeshifting
   587 | D:1      | Reached XP level 3. HP: 15/15 MP: 4/4
  1123 | D:2      | Reached XP level 4. HP: 16/19 MP: 5/5
  1776 | D:3      | Reached skill level 5 in Shapeshifting
  2318 | D:3      | Reached XP level 5. HP: 2/22 MP: 6/6
  2794 | D:4      | Noticed Duvessa
  2794 | D:4      | Noticed Dowan
  2949 | D:4      | Killed Dowan
  2950 | D:4      | Reached skill level 5 in Dodging
  2952 | D:4      | Gained mutation: You are covered in thick fur. (AC +2)
                  | [Felid growth]
  2952 | D:4      | Reached XP level 6. HP: 12/25 MP: 7/7
  3024 | D:4      | Reached skill level 6 in Shapeshifting
  3027 | D:4      | Slain by an orc
  3028 | D:4      | Quit the game

Illustrated notes

Levels and vault maps discovered:
D:1:      spicycebolla_arrival_clurvy, layout_basic
D:2:      layout_basic
D:3:      minmay_angry_zag, layout_loops_ring, kennysheep_generic_room_13
D:4:      layout_cave_pods, gup_sewer_entry_pipe, minmay_misc_feat_cross,
          st_stairs_7, hangedman_decor_riveting, uniq_duvessa

Skill      XL: |  1  2  3  4  5  6 |
---------------+-------------------+-----
Dodging        | 3 4 5 |  5.3
Shapeshifting  | 4 5 6 |  6.0
Fighting       | |  1.1
Unarmed Combat | |  3.0

Action                     |  1- 3 |  4- 6 || total
---------------------------+-------+-------++-------
  Melee: Unarmed           |    84 |   105 ||   189
         Bite              |     5 |     9 ||    14
         Punch             |     4 |     1 ||     5
  Evoke: Wand              |       |     4 ||     4
    Use: Scroll            |       |     5 ||     5
   Stab: Sleeping          |     2 |     2 ||     4
 Armour: Skin              |    25 |    30 ||    55
  Dodge: Dodged            |    53 |    69 ||   122

Table legend: (Time is in decaauts)
 A = Elapsed time spent in this place.
 B = Non-inter-level travel time spent in this place.
 C = Inter-level travel time spent in this place.
 D = Time resting spent in this place.
 E = Time spent auto-exploring this place.
 F = Levels seen in this place.
 G = Mean time per level.
                   A        B        C        D        E       F      G
               +--------+--------+--------+--------+--------+-----+--------+
         Total |   2570 |   2460 |    110 |    449 |   1420 |   4 |  642.5 |
       Dungeon |   2570 |   2460 |    110 |    449 |   1420 |   4 |  642.5 |
               +--------+--------+--------+--------+--------+-----+--------+

Top non-repeatable levels by time:
     D:3: 990 daAuts
     D:2: 737 daAuts
     D:1: 644 daAuts
     D:4: 199 daAuts
